 Dungeon Crawl Stone Soup version 0.29.0 (webtiles) character file.

Game seed: 10667419703954612727

53095 Dorkslayer the Severer (level 14, -5/99 (100) HPs)
             Began as a Hill Orc Fighter on Sept 3, 2022.
             Was an Initiate of Gozag.
             Slain by a lich (8 damage)
             ... on level 2 of the Abyss on Sept 4, 2022.
             The game lasted 01:10:43 (16498 turns).

Dorkslayer the Severer (Hill Orc Fighter)          Turns: 16498, Time: 01:10:45

HP:   -5/99 (100)   AC: 28    Str: 25      XL:     14   Next: 67%
MP:   14/14         EV: 11    Int:  5 (6)  God:    Gozag
Gold: 1969          SH: 10    Dex: 18      Spells: 13/13 levels left

rFire   . . .      SeeInvis .   j - +1 broad axe (vorpal)
rCold   . . .      Faith    .   O - +3 warlock's mirror {reflect}
rNeg    . . .      Spirit   .   u - +1 plate armour
rPois   .          Reflect  +   r - +0 helmet of Rusua {rElec Str+3}
rElec   +          Harm     .   (no cloak)
rCorr   .          Rampage  +   K - +3 pair of gauntlets of War {Slay+5}
Will    +....                   N - +2 pair of boots {rampage}
Stlth   ..........              H - amulet of regeneration
HPRegen 1.06/turn               w - +4 ring of protection
MPRegen 0.14/turn               G - +6 ring of dexterity

@: silenced, gold aura, slowed, lightly drained, unable to drink, very slow
A: dopey 1, [deterioration 2], [frail 2], [inability to drink after injury 2]
a: Renounce Religion


You were on level 2 of the Abyss.
You worshipped Gozag.
Gozag was most pleased with you.
You visited 3 branches of the dungeon, and saw 17 of its levels.
You visited the Abyss 1 time.
You also visited: Sewer, Bailey and Gauntlet.

You collected 5145 gold pieces.
You spent 2020 gold pieces at shops.
You paid 1156 gold pieces to Gozag.

Inventory:

Hand Weapons
 a - a +0 war axe of electrocution
 h - a +1 broad axe of freezing
 j - a +1 vorpal broad axe (weapon)
 t - a +3 scimitar of flaming
 T - a +7 vampiric hand axe
Missiles
 c - 3 silver boomerangs
 e - 46 poisoned darts
 f - 8 javelins (quivered)
 m - 7 boomerangs
 y - 18 boomerangs of dispersal
 A - 12 throwing nets
 P - 6 silver javelins
Armour
 l - a +2 helmet
 r - the +0 helmet of Rusua (worn) {rElec Str+3}
   (You found it in a Gauntlet)

   Str:       It affects your strength (+3).
   rElec:     It insulates you from electricity.
 u - a +1 plate armour (worn)
 K - the +3 pair of gauntlets of War (worn) {Slay+5}
   (You bought it in a shop on level 1 of the Orcish Mines)

   Slay:      It affects your accuracy & damage with ranged weapons and melee
   (+5).
 N - a +2 pair of boots of rampaging (worn)
 O - the +3 warlock's mirror (worn) {reflect}
   (You bought it in a shop on level 1 of the Orcish Mines)

   It can block and reflect piercing ranged attacks and magical attacks against
   the wielder's willpower.
 Q - the +1 plate armour of the Bull {-Tele Will+ rCorr SInv}
   (You took it off a minotaur in a Gauntlet)

   SInv:      It lets you see invisible.
   -Tele:     It prevents most forms of teleportation.
   rCorr:     It protects you from acid and corrosion.
   Will:      It increases your willpower.
Jewellery
 w - a +4 ring of protection (left hand)
 z - a ring of willpower
 D - a ring of protection from cold
 G - a +6 ring of dexterity (right hand)
 H - an amulet of regeneration (around neck)
 L - a ring of poison resistance
 R - an amulet of the acrobat
Wands
 d - a wand of mindburst (4)
 B - a wand of flame (18)
 C - a wand of polymorph (18)
 F - a wand of paralysis (17)
 S - a wand of digging (7)
Scrolls
 i - a scroll of immolation
 k - 5 scrolls of fog
 o - 3 scrolls of amnesia
 x - 2 scrolls of magic mapping
 E - a scroll of poison
 I - 2 scrolls of fear
 J - 4 scrolls of enchant armour
Potions
 g - 7 potions of curing
 n - 3 potions of mutation
 p - a potion of ambrosia
 q - 6 potions of heal wounds
 s - 3 potions of flight


   Skills:
 * Level 12.3 Fighting
 + Level 2.1 Long Blades
 + Level 18.3 Axes
 + Level 2.0 Throwing
 + Level 9.9 Armour
 + Level 8.7 Dodging
 + Level 2.5 Stealth
 * Level 8.3 Shields
 * Level 10.5 Evocations


You had 13 spell levels left.
You didn't know any spells.
Your spell library contained the following spells:

 Spells                   Type           Power      Damage    Failure   Level
 Ensorcelled Hibernation  Hex/Ice        0%         N/A       100%        2
 Passwall                 Tmut/Erth      0%         N/A       100%        2
 Static Discharge         Conj/Air       0%         3-3/arc   100%        2
 Swiftness                Air            0%         N/A       100%        3
 Animate Armour           Summ/Erth      0%         N/A       100%        4
 Dispel Undead            Necr           0%         3d6       100%        4
 Sticky Flame             Conj/Fire      0%         2d3       100%        4
 Blade Hands              Tmut           0%         N/A       100%        5
 Iskenderun's Battlesphe  Conj           0%         2d6       100%        5
 Conjure Ball Lightning   Conj/Air       0%         3x3d6     100%        6
 Iron Shot                Conj/Erth      0%         9d1       100%        6
 Spellforged Servitor     Conj/Summ      0%         N/A       100%        7
 Discord                  Hex            0%         N/A       100%        8
 Disjunction              Tloc           0%         N/A       100%        8


Dungeon Overview and Level Annotations

Branches:
Dungeon (14/15)            Temple (1/1) D:7            Lair (0/5) D:8
    Orc (2/2) D:11            Elf (0/3) Orc:2        Vaults (0/5) D:13
  Sewer (visited)          Bailey (visited)         Gauntlet (visited)

Altars:
Cheibriados
Dithmenos
Elyvilon
Fedhas
Gozag
Hepliaklqana
Kikubaaqudgha
Makhleb
Nemelex Xobeh
Okawaru
Qazlal
Ru
Sif Muna
Trog
Uskayaw
Vehumet
Wu Jian
Xom
Yredelemnul
The Shining One

Shops:
Orc:1 ([   Orc:2 :(([

Annotations:
Temple 2 transporters


Innate Abilities, Weirdness & Mutations

You are dopey. (Int -2)
[Your body often deteriorates upon taking damage.]
[You are very frail. (-20% HP)]
[You sometimes lose the ability to drink potions when taking damage.]


Message History

The tarantella touches your starcursed mass!
Your starcursed mass appears confused.
Your starcursed mass shudders and is absorbed by its neighbour.
Unknown command.
You hit the worldbinder but do no damage.
The worldbinder is heavily damaged.
You hit the large abomination. You hit something but do no damage.
Your starcursed mass seems less confused.
The worldbinder barely misses you.
The worldbinder hits you but does no damage.
The tarantella touches your starcursed mass.
Your starcursed mass appears confused.
Something touches you but does no damage.
Your large abomination hits something.
A wretched star comes into view.
The large abomination hits you!
* * * LOW HITPOINT WARNING * * *
You block the worldbinder's attack.
The worldbinder hits you but does no damage.
Your starcursed mass touches the wolf spider!
You slice the worldbinder!!
You destroy the worldbinder!
The wolf spider disappears in a puff of smoke!
The tarantella disappears in a puff of smoke!
The wolf spider disappears in a puff of smoke!
You slash the large abomination! You slash something!
Something touches you but does no damage.
The wretched star pulses with an eldritch light!
You feel frail. x2
Your large abomination hits something.
The large abomination hits you!
* * * LOW HITPOINT WARNING * * *
Unknown command.
Unknown command.
The large abomination attacks as you move away!
You block the large abomination's attack.
Something touches you but does no damage.
Your large abomination closely misses something.
A starcursed mass splits.
Something touches you!
You die...
Your body crumbles into a pile of gold.

.#...... ... ..
.# .....# #. ...
##... # ##X..X.
##.#.....#
#..#X##.##. .#
#....#§.###.
####.#X@$.#...._
#.....#.#X.#....
#
##.#....#.X...#
. .
.*#..#§.§#### #
#.##.##....x.#
##. .#. ...##..#
#.
..#....#.##.##
#... ..... ....
#####.# ...####.


You could see a wretched star, a large abomination (ally target), 2 friendly
starcursed masses and a friendly large abomination (summoned).

Vanquished Creatures
  2 liches (Abyss:2)
  A minotaur (Gauntlet)
  A lorocyproca (Abyss:2)
  A boulder beetle (D:11)
  A catoblepas (D:13)
  2 hydras
  2 centaur warriors
  Erica (D:9)
  2 dancing weapons (D:13)
  A tengu warrior (D:13)
  A two-headed ogre (D:12)
  3 orc high priests (Orc:2)
  Nergalle (Orc:1)
  2 wretched stars (Abyss:2)
  2 sixfirhies (Abyss:2)
  An orange crystal statue (Gauntlet)
  A wizard (Gauntlet)
  A steelbarb worm (shapeshifter) (Gauntlet)
  5 deep elf pyromancers
  5 orc knights
  2 deep elf zephyrmancers (D:14)
  5 orc sorcerers
  3 manticores (D:11)
  7 ugly things
  A worldbinder (Abyss:2)
  5 cyclopes
  An apocalypse crab (Abyss:2)
  Maggie (D:9)
  A gargoyle (D:11)
  An unseen horror zombie (D:9)
  8 kobold demonologists
  3 unseen horrors
  2 komodo dragons (D:11)
  2 tengu conjurers
  An unseen horror skeleton (D:9)
  3 trolls
  2 hornets
  Prince Ribbit (D:7)
  A large abomination (Abyss:2)
  5 slime creatures (D:12)
  Sigmund (D:4)
  2 shadows
  2 wraiths
  28 yaks
  A ynoxinul (Abyss:2)
  A vampire (D:11)
  2 wyverns (D:8)
  A water elemental (D:14)
  A chaos spawn (Abyss:2)
  Grum (D:9)
  A neqoxec (Abyss:2)
  7 wargs
  3 steam dragons
  2 acid dragons (D:11)
  A water moccasin (D:8)
  3 ice beasts
  15 orc warriors
  2 sky beasts (D:8)
  2 black bears
  7 wolves
  11 ogres
  4 centaurs
  5 kobold brigands
  6 bullfrogs
  10 gnoll sergeants
  4 necrophages
  7 scorpions
  13 wights
  4 howler monkeys
  A centaur zombie (D:9)
  A lava snake (D:7)
  4 jellies
  An iron imp (Abyss:2)
  7 gnoll boudas
  5 hounds
  8 orc priests
  2 centaur skeletons (D:9)
  4 iguanas
  Ijyb (D:4)
  23 orc wizards
  Natasha (twice) (D:4)
  9 adders
  34 gnolls
  2 howler monkey skeletons (D:9)
  A river rat (Sewer)
  4 white imps
  3 worms
  5 dart slugs
  67 orcs
  5 bats
  11 endoplasms
  13 giant cockroaches
  8 goblins
  12 hobgoblins
  3 jackals (D:1)
  37 kobolds
  3 quokkas
  14 ball pythons
  8 frilled lizards
  7 rats
543 creatures vanquished.

Vanquished Creatures (others)
  An orc (Orc:1)
  18 fungi (D:8)
  15 plants (D:8)
34 creatures vanquished.

Grand Total: 577 creatures vanquished

Notes
Turn   | Place    | Note
-------+----------+-------------------------------------------
     0 | D:1      | Dorkslayer the Hill Orc Fighter began the quest for the
                  | Orb.
     0 | D:1      | Reached XP level 1. HP: 19/19 MP: 1/1
   129 | D:1      | Reached XP level 2. HP: 20/27 MP: 2/2
   310 | D:1      | Reached skill level 3 in Axes
   380 | D:1      | Reached XP level 3. HP: 30/33 MP: 3/3
   396 | D:1      | Reached skill level 1 in Dodging
  1108 | D:2      | Reached XP level 4. HP: 40/40 MP: 4/4
  1782 | D:3      | Found a glowing golden altar of the Shining One.
  2298 | D:3      | Reached skill level 4 in Axes
  2369 | D:4      | Noticed Ijyb
  2377 | D:4      | Killed Ijyb
  2378 | D:4      | Reached XP level 5. HP: 35/46 MP: 5/5
  2439 | D:4      | Reached XP level 6. HP: 50/53 MP: 6/6
  2528 | D:4      | Reached skill level 5 in Axes
  2883 | D:4      | Noticed Sigmund
  2887 | D:4      | Killed Sigmund
  2888 | D:4      | Reached skill level 1 in Evocations
  2888 | D:4      | Reached XP level 7. HP: 59/60 MP: 7/7
  2893 | D:4      | Reached skill level 6 in Axes
  2930 | D:4      | Noticed Natasha
  2935 | D:4      | Killed Natasha
  2960 | D:4      | Noticed Natasha
  2968 | D:4      | Killed Natasha
  3104 | D:5      | Entered Level 5 of the Dungeon
  3222 | D:5      | Reached skill level 5 in Fighting
  3234 | D:5      | Found a glowing drain.
  3257 | Sewer    | Entered a sewer
  3497 | Sewer    | Reached skill level 7 in Axes
  3502 | Sewer    | Reached XP level 8. HP: 68/68 MP: 8/8
  3720 | Sewer    | Found a viscous altar of Jiyva.
  4264 | D:5      | Reached skill level 8 in Axes
  4314 | D:5      | Reached skill level 5 in Armour
  4940 | D:6      | Reached skill level 9 in Axes
  4940 | D:6      | Reached XP level 9. HP: 74/75 MP: 9/9
  4971 | D:6      | Reached skill level 5 in Shields
  5864 | D:7      | Reached skill level 1 in Throwing
  5938 | D:7      | Reached skill level 10 in Axes
  6532 | D:7      | Noticed Prince Ribbit
  6551 | D:7      | Found a staircase to the Ecumenical Temple.
  6561 | D:7      | Killed Prince Ribbit
  6571 | Temple   | Entered the Ecumenical Temple
  6571 | Temple   | Found a transporter.
  6571 | Temple   | Found a transporter.
  6573 | Temple   | Found a transporter.
  6573 | Temple   | Found a transporter.
  6588 | Temple   | Became a worshipper of Gozag Ym Sagoz the Greedy
  6740 | D:7      | Reached skill level 5 in Evocations
  6773 | D:7      | Reached XP level 10. HP: 42/82 MP: 10/10
  6966 | D:7      | Found a sacrificial altar of Ru.
  6966 | D:7      | Found a burning altar of Makhleb.
  7041 | D:8      | Reached skill level 11 in Axes
  7102 | D:8      | Found a staircase to the Lair.
  7505 | D:8      | Reached skill level 5 in Dodging
  7769 | D:8      | Paralysed by a hornet for 3 turns
  7804 | D:8      | Paralysed by a hornet for 1 turns
  7808 | D:8      | Reached skill level 12 in Axes
  8217 | D:9      | Noticed Maggie
  8219 | D:9      | Paralysed by Maggie for 4 turns
  8236 | D:9      | Killed Maggie
  8237 | D:9      | Reached XP level 11. HP: 94/94 MP: 11/11
  8278 | D:9      | Found a flagged portal.
  8287 | Bailey   | Entered a bailey
  8456 | Bailey   | Reached skill level 13 in Axes
  8878 | D:9      | Noticed Grum
  8891 | D:9      | Killed Grum
  9037 | D:9      | Noticed Erica
  9076 | D:9      | Killed Erica
  9673 | D:10     | Entered Level 10 of the Dungeon
  9754 | D:10     | Noticed a soul eater
  9853 | D:9      | Noticed a skeletal warrior
  9858 | D:9      | Reached skill level 14 in Axes
 10294 | D:10     | Reached skill level 1 in Stealth
 10345 | D:11     | Noticed a boulder beetle
 10370 | D:11     | Killed a boulder beetle
 10371 | D:11     | Reached XP level 12. HP: 92/103 MP: 12/12
 10523 | D:11     | Noticed a four-headed hydra
 10532 | D:11     | Killed a one-headed hydra
 10916 | D:11     | Reached skill level 1 in Long Blades
 11058 | D:11     | Found a staircase to the Orcish Mines.
 11064 | D:11     | Reached skill level 15 in Axes
 11274 | Orc:1    | Entered Level 1 of the Orcish Mines
 11482 | Orc:2    | Entered Level 2 of the Orcish Mines
 11561 | Orc:2    | Noticed an orc high priest
 11653 | Orc:1    | Bought the +3 pair of gauntlets of War {Slay+5} for 807
                  | gold pieces
 11653 | Orc:1    | Found the +3 pair of gauntlets of War {Slay+5}
 11653 | Orc:1    | Bought a +2 pair of boots of rampaging for 365 gold pieces
 11653 | Orc:1    | Bought the +3 warlock's mirror {reflect} for 680 gold
                  | pieces
 11653 | Orc:1    | Found the +3 warlock's mirror {reflect}
 11713 | Orc:1    | HP: 2/105 [poisoned by you (poison gas)]
 11818 | Orc:2    | Noticed a soul eater
 11818 | Orc:2    | Killed an orc high priest
 11973 | Orc:2    | Reached XP level 13. HP: 107/113 MP: 13/13
 12099 | Orc:1    | Noticed Nergalle
 12108 | Orc:1    | Reached skill level 10 in Fighting
 12108 | Orc:1    | Killed Nergalle
 12109 | Orc:1    | Reached skill level 16 in Axes
 12416 | Orc:2    | Found a staircase to the Elven Halls.
 12652 | Orc:2    | Found Kunwot's Book Shop.
 12652 | Orc:2    | Found Nifefael's Antique Armour Shoppe.
 12659 | Orc:2    | Found Cefafraj's Antique Weapon Shop.
 12659 | Orc:2    | Found Letetz's Antique Weapon Shoppe.
 12680 | Orc:2    | Bought a glowing broad axe for 168 gold pieces
 13989 | D:13     | Reached skill level 17 in Axes
 14369 | D:13     | Found a gate to the Vaults.
 14874 | D:14     | Found a gate leading to a gauntlet.
 14890 | D:14     | Reached XP level 14. HP: 113/124 MP: 14/14
 14928 | Gauntlet | Entered a Gauntlet
 14928 | Gauntlet | Found a transporter.
 14928 | Gauntlet | Found a transporter.
 14964 | Gauntlet | Found a transporter.
 14965 | Gauntlet | Found a transporter.
 14983 | Gauntlet | Found a transporter.
 14984 | Gauntlet | Found a transporter.
 14988 | Gauntlet | Found a runed translucent door.
 14988 | Gauntlet | Found a runed translucent door.
 14992 | Gauntlet | Found a transporter.
 15008 | Gauntlet | Found a transporter.
 15041 | Gauntlet | Found a transporter.
 15042 | Gauntlet | Found a transporter.
 15055 | Gauntlet | Found a transporter.
 15058 | Gauntlet | Found a transporter.
 15318 | Gauntlet | Identified the +0 helmet of Rusua {rElec Str+3}
 15416 | Gauntlet | Identified the +1 plate armour of the Bull {-Tele Will+
                  | rCorr SInv}
 15425 | Gauntlet | Reached skill level 10 in Evocations
 15905 | D:14     | Gained mutation: You are dopey. (Int -2) [a neqoxec]
 15926 | D:14     | Reached skill level 18 in Axes
 15969 | D:14     | Found a shimmering blue altar of Sif Muna.
 16012 | D:14     | Noticed a deep elf sorcerer
 16013 | D:14     | Noticed a tengu reaver
 16016 | Abyss:2  | Cast into level 2 of the Abyss (a deep elf sorcerer)
 16133 | Abyss:2  | Noticed a purple very ugly thing
 16137 | Abyss:2  | Found a corrupted altar of Lugonu.
 16173 | Abyss:2  | Killed a lorocyproca
 16175 | Abyss:2  | Noticed a lich
 16182 | Abyss:2  | Killed a lich
 16264 | Abyss:2  | Noticed a daeva
 16400 | Abyss:2  | Paralysed by you for 2 turns
 16459 | Abyss:2  | Noticed a lich
 16468 | Abyss:2  | Killed a lich
 16481 | Abyss:2  | Found a hide-covered altar of Uskayaw.
 16483 | Abyss:2  | Noticed a lich
 16497 | Abyss:2  | HP: 1/98 [large abomination (11)]
 16498 | Abyss:2  | Slain by a lich

Illustrated notes

Levels and vault maps discovered:
D:1:      lightli_arrival_statue_moat, layout_rooms
D:2:      minmay_angry_zag, layout_basic, minmay_tetromino_o4
D:3:      layout_basic, tso_metal_star
D:4:      layout_cave_pools, uniq_natasha, uniq_sigmund, uniq_ijyb
D:5:      layout_gridville, gup_sewer_entry_glass
D:6:      layout_loops_ring
D:7:      layout_rooms, nicolae_overflow_two_pavilions,
          minmay_temple_entry_wispy, nicolae_concentric_dashed_squares_mild,
          grunt_decor_resistance, hangedman_decor_peaks_small,
          chequers_serial_rivers_large_b, minmay_misc_feat_five,
          uniq_prince_ribbit1
D:8:      layout_rooms, grunt_lair_entry_orc_guard_hut,
          minmay_unpleasant_kobolds
D:9:      hangedman_screamer, layout_cave_pods, enter_bailey_4, uniq_erica,
          uniq_grum, uniq_maggie
D:10:     layout_rooms, serial_corexii_hall, chequers_hall_statues_y,
          corexii_hall_statues_i, corexii_hall_statues_deadend,
          chequers_hall_statues_corner_a
D:11:     layout_cave_pods, minmay_orc_entry_guard_dogs
D:12:     layout_cave_pods
D:13:     layout_loops_corners, erik_vaults_1
D:14:     evilmike_library_of_no_secrets, layout_basic, gauntlet_entry_generic,
          serial_glass, glass_columns_a, glass_columns_c, glass_columns_a,
          glass_columns_a, glass_columns_a, glass_columns_c,
          minmay_crystal_water
Temple:   hellmonk_temple_divided_pantheon
Orc:1:    layout_caves, uniq_nergalle
Orc:2:    grunt_orc_tribal_feast, layout_caves
Abyss:2:  base: Lair:5, base: D:15, abyss_exit_lava, spicy_abyss_pitcher_plant

Skill      XL: |  1  2  3  4  5  6  7  8  9 10 11 12 13 14 |
---------------+-------------------------------------------+-----
Fighting       | 4 5 6 7 8 9 11 12 | 12.3
Axes           | 3 4 5 7 9 10 12 14 15 17 18 | 18.3
Dodging        | 1 2 3 4 5 6 7 8 |  8.7
Armour         | 4 5 6 7 8 9 |  9.9
Shields        | 4 5 6 7 8 |  8.3
Evocations     | 1 2 3 5 6 7 8 9 10 | 10.5
Throwing       | 1 2 |  2.0
Stealth        | 1 2 |  2.5
Long Blades    | 1 2 |  2.1

Action                   |  1- 3 |  4- 6 |  7- 9 | 10-12 | 13-15 || total
-------------------------+-------+-------+-------+-------+-------++-------
Melee: War axe           |   118 |   117 |   317 |   304 |       ||   856
       Broad axe         |       |       |       |   325 |   422 ||   747
       Scimitar          |       |       |       |    10 |     4 ||    14
Throw: Dart              |     9 |       |     1 |       |       ||    10
       Javelin           |     2 |     3 |    14 |       |       ||    19
       Boomerang         |       |       |     1 |    10 |       ||    11
Invok: Call Merchant     |       |       |       |     2 |       ||     2
Evoke: Wand              |       |     2 |       |     5 |     7 ||    14
  Use: Scroll            |       |     5 |    13 |    13 |     8 ||    39
       Potion            |       |     1 |       |    10 |     1 ||    12
 Stab: Distracted        |       |       |       |     9 |     2 ||    11
       Paralysed         |       |       |       |     4 |       ||     4
Armor: Scale mail        |    45 |    35 |       |       |       ||    80
       Chain mail        |       |    49 |   186 |    35 |       ||   270
       Plate armour      |       |       |       |   392 |   290 ||   682
Dodge: Dodged            |    49 |    55 |   116 |   280 |   110 ||   610
Block: Buckler           |    24 |    29 |    61 |   222 |   144 ||   480
       Reflection        |       |       |       |     6 |     6 ||    12
